 Dungeon Crawl Stone Soup version 0.28.0-45-g0d030f2227 (webtiles) character file.

Game seed: 11992105017468000798

30 zeratav the Insei (level 3, -7/23 HPs)
             Began as an Octopode Transmuter on Apr 9, 2022.
             Mangled by an iguana (14 damage)
             ... on level 2 of the Dungeon.
             The game lasted 00:01:22 (1289 turns).

zeratav the Insei (Octopode Transmuter)             Turns: 1289, Time: 00:01:23

Health: -7/23      AC:  1    Str: 11    XL:     3   Next: 20%
Magic:  6/6        EV: 13    Int: 15    God:
Gold:   29         SH:  0    Dex: 12    Spells: 5/6 levels left

rFire   . . .      SeeInvis .     - Unarmed
rCold   . . .      Faith    .   (no shield)
rNeg    . . .      Spirit   .   (helmet restricted)
rPois   .          Reflect  .   (no amulet)
rElec   .          Harm     .   (no ring)
rCorr   .          Rampage  .   (no ring)
Will    .....                   (no ring)
Stlth   +++.......              (no ring)
HPRegen 0.07/turn               (no ring)
MPRegen 0.10/turn               (no ring)
                                (no ring)
                                (no ring)

@: no status effects
A: almost no armour, amphibious, 8 rings, camouflage 1, gelatinous body 1,
(nimble swimmer 1), tentacles
a: no special abilities


You were on level 2 of the Dungeon.
You visited 1 branch of the dungeon, and saw 2 of its levels.

You collected 29 gold pieces.


Innate Abilities, Weirdness & Mutations

You cannot wear most types of armour.
You are amphibious.
You can wear up to eight rings at the same time.
Your skin changes colour to match your surroundings (Stealth+).
Your rubbery body absorbs attacks. (AC +1, EV +1)
((You are camouflaged when in or above water. (Stealth+)))
You have tentacles for arms and can constrict up to eight enemies at once.


   Skills:
 + Level 1.4 Fighting
 + Level 2.2 Dodging
 + Level 1.2 Stealth
 + Level 0.9 Shields
 * Level 3.4 Unarmed Combat
 - Level 2.0 Spellcasting
 - Level 2.0 Transmutations


You had 5 spell levels left.
You knew the following spells:

 Your Spells              Type           Power      Damage    Failure   Level
a - Beastly Appendage     Tmut           14%        N/A       10%         1

Your spell library contained the following spells:

 Spells                   Type           Power      Damage    Failure   Level
 Wereblood                Tmut           7%         N/A       14%         2
 Spider Form              Tmut/Pois      4%         N/A       41%         3
 Ice Form                 Ice/Tmut       4%         N/A       82%         4

Inventory:

Armour
 b - a +0 buckler
   (You found it on level 1 of the Dungeon)
Scrolls
 d - 2 scrolls of holy word {unknown}
Potions
 a - 2 potions of attraction {unknown}
 c - a potion of flight {unknown}

Dungeon Overview and Level Annotations

Branches:
Dungeon (2/15)

Altars:

Shops:
D:1

[ #### ....###...
#.#....... .
#...... ..######..
#..... .........
#....#####Kl......
#....#....@b#
#....#...####
##.......## #
##........##
.##..........#
.............#
#.##..........#
..............#.
...#)............


You could see an iguana, a bat and a kobold.


Message History

No target in view!
No target in view!
No target in view!
Your transformation is almost over.
Your tentacle spike disappears.
You see here a +0 club {mace}.
Done exploring.
HP[+4] MP[+1]
Your hp is fully restored (23).
Your mp is fully restored (6).
Done exploring.
(D) Dungeon
Where to? (? - help)
There is a stone staircase leading down here.
You climb downwards.
Found a gold piece, a brown potion and a scroll labelled FIWICE PEULIEXTO.
Found an escape hatch in the floor.
There is a stone staircase leading up here.
Found a stone staircase leading down.
c - a brown potion You now have 16 gold pieces (gained 1).
d - a scroll labelled FIWICE PEULIEXTO
There is an escape hatch in the floor here.
Found an escape hatch in the ceiling.
A kobold comes into view. It is wielding a +0 dagger.
The kobold shouts!
One of your tentacles grows a vicious spike.
MP[-1]
You lost 1 mp, and now have 5/6 mp.
The kobold throws a stone.
The stone closely misses you.
The kobold throws a stone.
The stone hits you but does no damage.
Your transformation is almost over.
The kobold hits you with a +0 dagger.
You tentacle-slap the kobold. Your grab misses the kobold.
Your squeeze misses the kobold. The kobold hits you with a +0 dagger.
You tentacle-slap the kobold but do no damage.
Your grab misses the kobold.
Your tentacle spike misses the kobold.
You squeeze the kobold.
You kill the kobold!
No target in view!
HP[-4]
You take 4 damage, and now have 19/23 hp.
No target in view!
No target in view!
No target in view!
No target in view!
No target in view!
No target in view!
No target in view!
No target in view!
No target in view!
Your tentacle spike disappears.
Things that are here:
a +0 dagger {short}; 2 stones {throwing} HP[+4] MP[+1]
Your hp is fully restored (23).
Your mp is fully restored (6).
Found a stone staircase leading up.
You now have 29 gold pieces (gained 13).
d - 2 scrolls labelled FIWICE PEULIEXTO (gained 1)
An iguana comes into view.
The iguana hisses angrily.
You hear a shout!
A bat comes into view.
You miscast Beastly Appendage.
You are very lightly contaminated with residual magic.
Nothing appears to happen.
MP[-1]
You lost 1 mp, and now have 5/6 mp.
A kobold comes into view. It is wielding a +0 dagger.
The bat completely misses you.
You barely miss the bat.
The kobold shouts!
Your grab misses the bat. The bat misses you. The bat misses you.
The iguana misses you.
You closely miss the iguana. Your grab misses the iguana. The bat hits you.
The iguana bites you! The bat completely misses you.
HP[-10]
You take 10 damage, and now have 13/23 hp.
MASSIVE DAMAGE!! (PAUSE)
You tentacle-slap the iguana but do no damage.
Your grab misses the iguana. The bat hits you but does no damage.
The iguana closely misses you.
You completely miss the iguana. Your grab misses the iguana.
The bat closely misses you. The iguana bites you. The bat closely misses you.
HP[-1]
You take 1 damage, and now have 12/23 hp.
You closely miss the iguana. You grab the iguana. You constrict the iguana.
The bat hits you. The iguana barely misses you.
Your magical contamination has completely faded away.
You barely miss the iguana. You constrict the iguana.
The bat hits you but does no damage. The kobold hits you with a +0 dagger.
* * * LOW HITPOINT WARNING * * *
The iguana barely misses you.
HP[-2]
You take 2 damage, and now have 10/23 hp.
You tentacle-slap the iguana but do no damage.
You squeeze the iguana. You constrict the iguana.
The kobold hits you with a +0 dagger.
* * * LOW HITPOINT WARNING * * *
The iguana bites you!
Ouch! That really hurt!
You die...

Skill      XL: |  1  2 |
---------------+-------+-----
Stealth        | 1 |  1.2
Fighting       | |  1.4
Dodging        | |  2.2
Shields        | |  0.9
Unarmed Combat | |  3.4
Spellcasting   | |  2.0
Transmutations | |  2.0

Action                   || total
-------------------------++-------
Melee: Unarmed           ||    54
       Tentacles         ||    11
       Kick              ||     8
       Constrict         ||    11
 Cast: Beastly Appendage ||    14
 Stab: Sleeping          ||     5
Armor: Skin              ||     3
Dodge: Dodged            ||    35

Levels and vault maps discovered:
D:1:      giann_forest_graveyard, layout_loops_ring, serial_shops,
          nicolae_diamond_shop
D:2:      layout_rooms

Notes
Turn   | Place    | Note
-------+----------+-------------------------------------------
     0 | D:1      | zeratav the Octopode Transmuter began the quest for the
                  | Orb.
     0 | D:1      | Reached XP level 1. HP: 13/13 MP: 3/3
     0 | D:1      | magus.rc [v1.9.6]
   172 | D:1      | Reached XP level 2. HP: 18/18 MP: 3/5
   513 | D:1      | Found Liunn's Antique Armour Shop.
   516 | D:1      | Reached skill level 1 in Stealth
   955 | D:1      | Reached XP level 3. HP: 21/23 MP: 4/6
  1289 | D:2      | Mangled by an iguana

Vanquished Creatures
  A dart slug (D:1)
  A ball python (D:1)
  2 bats (D:1)
  3 endoplasms (D:1)
  3 giant cockroaches (D:1)
  3 goblins (D:1)
  4 hobgoblins (D:1)
  3 kobolds
  A quokka (D:1)
  2 frilled lizards (D:1)
23 creatures vanquished.

Table legend:
 A = Non-vault XP
 B = Vault XP
 C = Vault XP percentage of total XP
 D = Non-vault monster count
 E = Vault monster count
 F = Vault count percentage of total count
                 A         B        C        D         E       F
            +---------+---------+-------+---------+---------+-------
      Total |      44 |       0 |   0.0 |      23 |       0 |   0.0
            +---------+---------+-------+---------+---------+-------
        D:1 |      43 |       0 |   0.0 |      22 |       0 |   0.0
        D:2 |       1 |       0 |   0.0 |       1 |       0 |   0.0
            +---------+---------+-------+---------+---------+-------

Illustrated notes

Table legend:
 A = Kills in this place as a percentage of kills in entire the game.
 B = Kills by you in this place as a percentage of kills by you in the entire game.
 C = Kills by friends in this place as a percentage of kills by friends in the entire game.
 D = Other kills in this place as a percentage of other kills in the entire game.
 E = Experience gained in this place as a percentage of experience gained in the entire game.
 F = Experience gained in this place divided by the number of levels of this place that you have seen.
                   A       B       C       D       E      F
               +-------+-------+-------+-------+-------+----------------------
         Total | 100.0 | 100.0 |   N/A |   N/A | 100.0 |  22.0
       Dungeon | 100.0 | 100.0 |   N/A |   N/A | 100.0 |  22.0
               +-------+-------+-------+-------+-------+----------------------

Table legend: (Time is in decaauts)
 A = Elapsed time spent in this place.
 B = Non-inter-level travel time spent in this place.
 C = Inter-level travel time spent in this place.
 D = Time resting spent in this place.
 E = Time spent auto-exploring this place.
 F = Levels seen in this place.
 G = Mean time per level.
                   A        B        C        D        E       F      G
               +--------+--------+--------+--------+--------+-----+--------+
         Total |   1285 |   1268 |     17 |      0 |   1112 |   2 |  642.5 |
       Dungeon |   1285 |   1268 |     17 |      0 |   1112 |   2 |  642.5 |
               +--------+--------+--------+--------+--------+-----+--------+

Top non-repeatable levels by time:
     D:1: 1156 daAuts
     D:2: 129 daAuts
